AoeStats
← 5coinz

Arena

510207042Analyzed
1v1 RM · 1d ago on Sep 29, 2026· 53m 56s· 2 players
Game mode
Random Map
Map size
Tiny (2 player)
Population
200
Speed
Normal
Resources
Standard
Victory
Conquest
Starting age
Dark Age
Ending age
Imperial Age
RankedLock teamsTeams togetherTeam positionsShared explorationLock speedFull tech treeHidden civsTurbo modeCheats
Victory
Defeat
🇧🇷 Khmer · Brazil
591
+15
🇧🇬 Bulgarians · Bulgaria
569
-15
5coinz
10:06 Feudal Age
12:26 Wheelbarrow
12:06 Double-Bit Axe
14:50 Forging
17:45 Horse Collar
18:36 Scale Barding Armor
21:46 Castle Age
22:52 Hand Cart
22:45 Squires
23:33 Gambesons
25:10 Bloodlines
26:21 Iron Casting
25:10 Light Cavalry
26:35 Murder Holes
26:52 Husbandry
28:55 Chain Barding Armor
28:34 Gold Mining
29:47 Scale Mail Armor
30:51 Heavy Plow
31:03 Bow Saw
36:41 Imperial Age
35:05 Chain Mail Armor
36:16 Ballistics
38:19 Stirrups
39:46 Onager
43:03 Fletching
43:54 Plate Barding Armor
45:02 Chemistry
49:00 Siege Engineers
53:15 Pikeman
FastPluto2877
10:38 Loom
13:08 Feudal Age
14:50 Wheelbarrow
14:03 Double-Bit Axe
14:01 Horse Collar
18:53 Castle Age
20:40 Bow Saw
21:33 Man-at-Arms
22:49 Hand Cart
22:46 Light Cavalry
23:36 Town Watch
26:26 Heavy Plow
28:53 Stone Mining
28:57 Gold Mining
30:50 Stone Shaft Mining
32:59 Imperial Age
34:40 Chemistry
34:20 Forging
34:13 Scale Mail Armor
34:04 Hussar
34:55 Bloodlines
34:44 Fletching
34:54 Padded Archer Armor
35:03 Scale Barding Armor
34:30 Heavy Scorpion
36:06 Double Crossbow
36:56 Gold Shaft Mining
38:38 Iron Casting
38:19 Chain Mail Armor
38:14 Capped Ram
39:15 Siege Ram
40:35 Husbandry
40:21 Elite Ballista Elephant
42:01 Masonry
41:47 Murder Holes
42:04 Fortified Wall
42:19 Ballistics
43:06 Conscription
42:38 Pikeman
42:39 Long Swordsman
44:22 Crop Rotation
45:06 Hoardings
47:12 Blast Furnace
46:11 Bodkin Arrow
46:39 Chain Barding Armor
46:37 Leather Archer Armor
Connection lost

Rejoining the realm…

Still unreachable

The connection could not be restored.

Session expired

The server has moved on; the page needs a fresh start.